 Dungeon Crawl Stone Soup version 0.17-a0-1020-ge683cc4 (webtiles) character file.

267 MonkeyBuisness the Covered (level 6, -2/38 HPs)
             Began as a Gargoyle Fighter on May 17, 2015.
             Slain by a river rat (4 damage)
             ... summoned by Eustachio
             ... on level 4 of the Dungeon.
             The game lasted 00:07:42 (2501 turns).

MonkeyBuisness the Covered (Gargoyle Fighter)       Turns: 2501, Time: 00:07:42

Health: -2/38      AC: 14    Str: 20    XL:     6   Next: 21%
Magic:  6/6        EV:  8    Int:  8    God:
Gold:   120        SH:  9    Dex: 11    Spells: 0 memorised, 5 levels left

rFire  + . .     SeeInvis .     a - +0 flail
rCold  . . .     Clarity  .     b - +0 scale mail
rNeg   + . .     SustAb   .     c - +0 shield
rPois  ∞         Gourm    .     (no helmet)
rElec  +         Spirit   .     (no cloak)
rCorr  .         Warding  .     l - +2 pair of gloves
rMut   .         Stasis   .     (no boots)
MR     .....                    (no amulet)
Stlth  ..........               (no ring)
                                f - ring of protection from fire {rF+, !d}

@: not resistant to hostile enchantments, extremely unstealthy
A: negative energy resistance 1, electricity resistance, unbreathing,
petrification resistance, rot immunity, AC +4
a: no special abilities


You were on level 4 of the Dungeon.
You were not hungry.

You visited 1 branch of the dungeon, and saw 4 of its levels.

You collected 120 gold pieces.

Inventory:

Hand weapons
 a - a +0 flail (weapon)
Armour
 b - a +0 scale mail (worn)
 c - a +0 shield (worn)
 l - a +2 pair of gloves (worn)
   (You found it on level 1 of the Dungeon)
Jewellery
 f - a ring of protection from fire (left hand) {rF+, !d}
   (You found it on level 1 of the Dungeon)
Scrolls
 g - 2 scrolls of remove curse
 i - 2 scrolls of fog {unknown}
 j - a scroll of recharging {unknown}
 m - 3 scrolls of identify
 o - a scroll of magic mapping {unknown}
 q - a scroll of teleportation {unknown}
Potions
 d - a potion of degeneration {unknown}
 h - 3 potions of heal wounds {unknown}
 n - a potion of poison {unknown}
Comestibles
 e - a bread ration {@e1}
 k - 2 slices of pizza


   Skills:
 + Level 4.2 Fighting
 + Level 3.2 Maces & Flails
 + Level 4.5 Armour
 + Level 1.9 Dodging
 + Level 4.4 Shields


You had 5 spell levels left.
You didn't know any spells.

Dungeon Overview and Level Annotations

Branches:
Dungeon (4/15)
 Temple: D:4-7

Altars:
Cheibriados

Annotations:
D:4 Eustachio


Innate Abilities, Weirdness & Mutations

You are resistant to torment.
Your stone body is resilient (AC +4).
You are immune to poison.
You resist negative energy.
You are resistant to electric shocks.
You can survive without breathing.
You are immune to petrification.
You are immune to rotting.


Message History

The crimson imp blinks!
The hound barely misses you.
You closely miss the hound. You block the jackal's attack.
The centaur skeleton hits you but does no damage.
Eustachio gestures wildly while chanting.
The hound bites you but does no damage. The jackal barely misses you.
The centaur skeleton barely misses you.
You closely miss the hound.
The bat disappears in a puff of smoke!
You block the hound's attack. The jackal closely misses you.
The centaur skeleton closely misses you.
The shadow imp gestures at you. Pain shoots through your body!
* * * LOW HITPOINT WARNING * * *
You block the hound's attack.
The jackal bites you but does no damage.
The shadow imp hits you but does no damage.
The centaur skeleton closely misses you.
The hound closely misses you.
You take 9 damage, and have 11/38 hp.
MASSIVE DAMAGE!!
You thump the hound! The jackal barely misses you.
The centaur skeleton hits you but does no damage.
You block the hound's attack.
Eustachio gestures wildly while chanting.
Eustachio blinks!
The shadow imp barely misses you.
The jackal bites you but does no damage.
The centaur skeleton hits you but does no damage.
You barely miss the hound. You block the hound's attack.
You block the jackal's attack. The hound bites you.
* * * LOW HITPOINT WARNING * * *
The shadow imp barely misses you.
The centaur skeleton hits you but does no damage.
The jackal bites you but does no damage.
The hound bites you but does no damage.
You take 3 damage, and have 8/38 hp.
You hit the hound.
You kill the hound!
The bat hits you.
* * * LOW HITPOINT WARNING * * *
The centaur skeleton completely misses you.
The jackal closely misses you. The centaur skeleton barely misses you.
Eustachio mumbles some strange words.
Eustachio blinks!
The jackal closely misses you. You block the crimson imp's attack.
You take 1 damage, and have 7/38 hp.
You hit the centaur skeleton but do no damage.
You block the centaur skeleton's attack.
The jackal closely misses you. You block the river rat's attack.
The crimson imp hits you but does no damage.
The centaur skeleton barely misses you.
The jackal bites you but does no damage.
You block the river rat's attack.
You hit the centaur skeleton. You block the jackal's attack.
The centaur skeleton hits you but does no damage.
The crimson imp barely misses you. The river rat barely misses you.
The jackal bites you.
* * * LOW HITPOINT WARNING * * *
The centaur skeleton closely misses you.
You take 1 damage, and have 6/38 hp.
You hit the centaur skeleton but do no damage.
The crimson imp shouts, "Out, out, thou unmuzzled dismal-dreaming whip-jack!"
You block the crimson imp's attack.
The jackal bites you but does no damage.
The river rat bites you but does no damage.
The centaur skeleton hits you.
* * * LOW HITPOINT WARNING * * *
The crimson imp hits you.
* * * LOW HITPOINT WARNING * * *
The jackal bites you but does no damage.
You block the river rat's attack.
You take 4 damage, and have 2/38 hp.
You sock the centaur skeleton!
The centaur skeleton hits you but does no damage.
You block the jackal's attack. The shadow imp spits at you.
The centaur skeleton hits you but does no damage.
The crimson imp barely misses you.
The river rat bites you but does no damage.
You hit the centaur skeleton.
The shadow imp disappears in a puff of smoke!
The crimson imp disappears in a puff of smoke!
The shadow imp disappears in a puff of smoke!
You block the jackal's attack. The centaur skeleton hits you.
* * * LOW HITPOINT WARNING * * *
Eustachio calls on the powers of shadow!
You block the jackal's attack. The river rat closely misses you.
The centaur skeleton hits you but does no damage.
You take 2 damage, and have 1/38 hp.
The jackal bites you but does no damage.
The river rat twitches its whiskers.
The jackal bites you but does no damage.
The rat bites you but does no damage.
The jackal bites you but does no damage.
You sock the rat!
You kill the rat!
The rat's corpse disappears in a puff of smoke!
The jackal barely misses you.
The jackal bites you but does no damage.
Eustachio yells, "Perjured traitor, DIE!"
The river rat bites you.
You die...

.h# ...## ##.#. .#.#
#>.. .... .##.### #..#
#.. ......# #..# #.#
......####..####.#####
....>.......(....@r..#
....<..###..####†###.#
......##
#..###.r###Z####.#
.##.###
#......@h.r........
...
...##..###########.
.... ....##.# ###.
####.##. #. #.#.( ..
#. #


You could see Eustachio, 2 river rats, a jackal and a centaur skeleton.

Vanquished Creatures
  An orc wizard (D:3)
  A hound (D:4)
  Jessica (D:2)
  Terence (D:2)
  Natasha (D:2)
  A gnoll (D:1)
  5 adders
  2 worms (D:3)
  3 giant geckos
  3 orcs (D:3)
  3 ball pythons
  5 bats
  4 giant cockroaches
  5 goblins
  9 hobgoblins
  4 jackals (D:2)
  3 quokkas (D:2)
  5 giant newts
  10 kobolds
  6 rats
73 creatures vanquished.

Notes
Turn   | Place    | Note
--------------------------------------------------------------
     0 | D:1      | MonkeyBuisness the Gargoyle Fighter began the quest for the Orb.
     0 | D:1      | Reached XP level 1. HP: 14/14 MP: 1/1
    91 | D:1      | Reached XP level 2. HP: 14/19 MP: 2/2
   645 | D:1      | Reached XP level 3. HP: 13/23 MP: 3/3
   904 | D:2      | Noticed Jessica
   911 | D:2      | Killed Jessica
   911 | D:2      | Reached skill level 1 in Dodging
   911 | D:2      | Reached XP level 4. HP: 22/29 MP: 4/4
   915 | D:2      | Reached skill level 4 in Shields
  1364 | D:2      | Noticed Natasha
  1369 | D:2      | Killed Natasha
  1369 | D:2      | Reached skill level 4 in Armour
  1531 | D:2      | Reached XP level 5. HP: 33/33 MP: 5/5
  1534 | D:2      | Noticed Terence
  1544 | D:2      | Killed Terence
  1544 | D:2      | Reached skill level 4 in Fighting
  1754 | D:3      | Reached skill level 3 in Maces & Flails
  2177 | D:3      | Reached XP level 6. HP: 28/38 MP: 6/6
  2299 | D:3      | Found a snail-covered altar of Cheibriados.
  2445 | D:4      | Noticed Eustachio
  2486 | D:4      | HP: 8/38 [hound (3)]
  2490 | D:4      | HP: 2/38 [crimson imp[Eustachio] (2)]
  2501 | D:4      | Slain by a river rat

Vault maps used:
D:1:      saegor_arrival_simple_e, minmay_misc_feat_chi
D:2:      uniq_jessica, uniq_terence, uniq_natasha
D:3:      lemuel_doored_altar
D:4:      corner_web_ring, uniq_eustachio, uniq_blork_the_orc, uniq_grinder,
          uniq_crazy_yiuf_cottage, uniq_pikel

Action                   |  1- 3 |  4- 6 || total
-------------------------+-------+-------++-------
Melee: Flail             |    83 |   227 ||   310
  Use: Scroll            |     2 |       ||     2
       Potion            |     1 |     2 ||     3
  Eat: Chunk             |       |     6 ||     6

Vault maps used:
D:1:      saegor_arrival_simple_e, minmay_misc_feat_chi
D:2:      uniq_jessica, uniq_terence, uniq_natasha
D:3:      lemuel_doored_altar
D:4:      corner_web_ring, uniq_eustachio, uniq_blork_the_orc, uniq_grinder,
          uniq_crazy_yiuf_cottage, uniq_pikel

Table legend:
 A = Turns spent in this place as a percentage of turns spent in the entire game.
 B = Non-inter-level travel turns spent in this place as a percentage of non-inter-level travel turns spent in the entire game.
 C = Inter-level travel turns spent in this place as a percentage of turns spent in this place.
 D = Turns resting spent in this place as a percentage of non-inter-level travel turns spent in this place.
 E = Turns spent auto-exploring this place as a percentage of non-inter-level travel turns spent in this place.
 F = Non-inter-level travel turns spent in this place divided by the number of levels of this place that you've seen.
                   A       B       C       D       E      F
               +-------+-------+-------+-------+-------+----------------------
         Total | 100.0 | 100.0 |   0.6 |   2.1 |  11.6 | 176.5
       Dungeon | 100.0 | 100.0 |   0.6 |   2.1 |  11.6 | 176.5
               +-------+-------+-------+-------+-------+----------------------

Table legend:
 A = Kills in this place as a percentage of kills in entire the game.
 B = Kills by you in this place as a percentage of kills by you in the entire game.
 C = Kills by friends in this place as a percentage of kills by friends in the entire game.
 D = Other kills in this place as a percentage of other kills in the entire game.
 E = Experience gained in this place as a percentage of experience gained in the entire game.
 F = Experience gained in this place divided by the number of levels of this place that you have seen.
                   A       B       C       D       E      F
               +-------+-------+-------+-------+-------+----------------------
         Total | 100.0 | 100.0 |  -nan |  -nan | 100.0 |  95.5
       Dungeon | 100.0 | 100.0 |  -nan |  -nan | 100.0 |  95.5
               +-------+-------+-------+-------+-------+----------------------
